 Dungeon Crawl Stone Soup version 0.29-a0-676-ga64570c9d2 (webtiles) character file.

Game seed: 1239203426152688691

119 Sabo the Covered (level 5, -6/46 HPs)
             Began as a Hill Orc Fighter on June 24, 2022.
             Killed from afar by Sigmund (8 damage)
             ... with a puff of flame
             ... on level 3 of the Dungeon.
             The game lasted 00:13:06 (3127 turns).

Sabo the Covered (Hill Orc Fighter)                 Turns: 3127, Time: 00:13:06

Health: -6/46      AC:  7    Str: 21    XL:     5   Next: 3%
Magic:  0/5        EV:  9    Int:  8    God:
Gold:   171        SH:  4    Dex: 10    Spells: 4/4 levels left

rFire   . . .      SeeInvis .   a - +0 war axe
rCold   . . .      Faith    .   c - +0 buckler
rNeg    . . .      Spirit   +   b - +0 scale mail
rPois   .          Reflect  .   (no helmet)
rElec   .          Harm     .   (no cloak)
rCorr   .          Rampage  .   (no gloves)
Will    .....                   (no boots)
Stlth   ..........              i - amulet of guardian spirit
HPRegen 0.15/turn               (no ring)
MPRegen 0.09/turn               (no ring)

@: mighty, hasted, very quick
A: no striking features
a: no special abilities


You were on level 3 of the Dungeon.
You visited 1 branch of the dungeon, and saw 3 of its levels.

You collected 171 gold pieces.

Inventory:

Hand Weapons
 a - a +0 war axe (weapon)
 l - a +2 mace of draining
Missiles
 h - 5 poisoned darts (quivered)
 m - 5 boomerangs
Armour
 b - a +0 scale mail (worn)
 c - a +0 buckler (worn)
Jewellery
 i - an amulet of guardian spirit (around neck)
 o - a ring of ice
Scrolls
 f - a scroll of immolation
 g - a scroll of acquirement
 p - a scroll of identify
 q - a scroll of noise {unknown}
 s - a scroll of vulnerability {unknown}
 t - a scroll of teleportation {unknown}
Potions
 d - a potion of might
 e - a potion of lignification {unknown}
 j - 2 potions of heal wounds {unknown}
 k - 4 potions of haste
 n - a potion of invisibility {unknown}
 r - a potion of resistance {unknown}


   Skills:
 + Level 4.2 Fighting
 + Level 4.2 Axes
 + Level 4.3 Armour
 + Level 0.7 Dodging
 + Level 0.2 Stealth
 + Level 3.8 Shields


You had 4 spell levels left.
You didn't know any spells.
Your spell library contained the following spells:

 Spells                   Type           Power      Damage    Failure   Level
 Magic Dart               Conj           0%         1d3       83%         1
 Searing Ray              Conj           0%         2d4       92%         2
 Fulminant Prism          Conj/Hex       0%         3d6       100%        4
 Summon Forest            Summ/Tloc      0%         N/A       100%        5
 Eringya's Noxious Bog    Tmut/Pois      0%         N/A       100%        6
 Malign Gateway           Summ/Tloc      0%         N/A       100%        7
 Summon Hydra             Summ           0%         N/A       100%        7
 Summon Horrible Things   Summ           0%         N/A       100%        8


Dungeon Overview and Level Annotations

Branches:
Dungeon (3/15)

Altars:
Trog

Annotations:
D:3 Sigmund


Message History

The hobgoblin is severely wounded.
The hobgoblin barely misses you. The hobgoblin hits you.
You slash the hobgoblin!
You kill the hobgoblin!
Found a dark potion.
Found 13 gold pieces.
You now have 171 gold pieces (gained 13).
j - 2 dark potions (gained 1)
A rat comes into view.
Sigmund the Dreaded comes into view.
He is wielding a +0 scythe.
Sigmund shouts!
Sigmund mumbles some strange words.
Sigmund flickers and vanishes!
Deactivating autopickup; reactivate with Ctrl-A.
You hit the rat.
You kill the rat!
Something hits you. Something hits you. Something hits you but does no damage.
Something hits you.
You barely miss something. Something hits you!
You miss something. You barely miss something.
You hear some strange, mumbled words.
A magic dart appears from out of thin air!
The magic dart hits you. Something hits you.
You barely miss something. Something hits you!
* * * LOW HITPOINT WARNING * * *
You feel very mighty all of a sudden.
You barely miss something. Something hits you!
* * * LOW HITPOINT WARNING * * *
Something hits you.
* * * LOW HITPOINT WARNING * * *
It was a potion of haste.
You feel yourself speed up.
A magic dart appears from out of thin air!
The magic dart hits you but does no damage.
Found a black potion.
A puff of flame appears from out of thin air!
The puff of flame hits you!
You die...

##.... ##... #..... #.... #.....
##... ## ......... #########..###
.# #......... ........#..... .#
............ ...........#
##.##.............
...........#####.................
.........{......@.# ..........
...................# ..........
................#.#..............
..........######.................
.........## ....!........#...
........... #..##.#.##.###...
....##...... .... ...........
.......##### .##. .#....#...
#....... ....###...


There were no monsters in sight!

Vanquished Creatures
  Jessica (D:3)
  2 adders
  4 dart slugs
  3 orcs (D:3)
  6 endoplasms
  A giant cockroach (D:1)
  7 goblins
  6 hobgoblins
  10 jackals
  2 quokkas
  4 ball pythons
  3 bats
  4 frilled lizards
  2 kobolds
  5 rats
  A bush (D:2)
61 creatures vanquished.

Notes
Turn   | Place    | Note
-------+----------+-------------------------------------------
     0 | D:1      | Sabo the Hill Orc Fighter began the quest for the Orb.
     0 | D:1      | Reached XP level 1. HP: 19/19 MP: 1/1
    77 | D:1      | Reached XP level 2. HP: 23/27 MP: 2/2
   501 | D:1      | Reached XP level 3. HP: 26/33 MP: 3/3
  1372 | D:1      | Identified a scroll of acquirement
  1947 | D:2      | Reached XP level 4. HP: 40/40 MP: 4/4
  2623 | D:3      | Found a bloodstained altar of Trog.
  2656 | D:3      | Noticed Jessica
  2666 | D:3      | Killed Jessica
  2712 | D:3      | Found a faded altar of an unknown god.
  2895 | D:3      | Found a faded altar of an unknown god.
  3019 | D:3      | Reached XP level 5. HP: 42/46 MP: 5/5
  3100 | D:3      | Noticed Sigmund
  3115 | D:3      | HP: 1/46 [something (3)]
  3127 | D:3      | Killed from afar by Sigmund

Illustrated notes

Levels and vault maps discovered:
D:1:      dpeg_arrival_connections, layout_basic
D:2:      layout_loops_ring, minmay_hedge_maze, chequers_serial_rivers_micro_e,
          minmay_crystal_room
D:3:      layout_rooms, nicolae_overflow_ecumenical_swirl, lemuel_round_altar,
          shapermc_ecumenical_altar_pompeii, uniq_grinder, uniq_sigmund,
          uniq_jessica

Skill      XL: |  1  2  3  4 |
---------------+-------------+-----
Fighting       | 4 |  4.2
Axes           | 3 4 |  4.2
Armour         | 4 |  4.3
Dodging        | |  0.7
Stealth        | |  0.2
Shields        | |  3.8

Action                   |  1- 3 |  4- 6 || total
-------------------------+-------+-------++-------
Melee: War axe           |   152 |    74 ||   226
  Use: Scroll            |     3 |       ||     3
       Potion            |       |     2 ||     2
Armor: Scale mail        |    62 |    39 ||   101
Dodge: Dodged            |    62 |    41 ||   103
Block: Buckler           |    38 |    12 ||    50

Table legend: (Time is in decaauts)
 A = Elapsed time spent in this place.
 B = Non-inter-level travel time spent in this place.
 C = Inter-level travel time spent in this place.
 D = Time resting spent in this place.
 E = Time spent auto-exploring this place.
 F = Levels seen in this place.
 G = Mean time per level.
                   A        B        C        D        E       F      G
               +--------+--------+--------+--------+--------+-----+--------+
         Total |   3205 |   3205 |      0 |    609 |      0 |   3 | 1068.3 |
       Dungeon |   3205 |   3205 |      0 |    609 |      0 |   3 | 1068.3 |
               +--------+--------+--------+--------+--------+-----+--------+

Top non-repeatable levels by time:
     D:1: 1411 daAuts
     D:2: 1236 daAuts
     D:3: 557 daAuts
